 Dungeon Crawl Stone Soup version 0.30-a0-585-g93115170b9 (webtiles) character file.

Game seed: 16747018447968192867

28144 greasedhog the Spear-Bearer (level 13, 0/103 (107) HPs)
             Began as a Formicid Fighter on Jan 1, 2023.
             Was a High Priest of Okawaru.
             Slain by a five-headed hydra (10 damage)
             ... on level 4 of the Lair of Beasts on Jan 3, 2023.
             The game lasted 00:28:10 (18733 turns).

greasedhog the Spear-Bearer (Formicid Fighter)     Turns: 18733, Time: 00:28:10

HP:   0/103 (107)   AC: 19    Str: 29    XL:     13   Next: 71%
MP:   11/11         EV:  9    Int:  9    God:    Okawaru [*****.]
Gold: 731           SH:  5    Dex: 13    Spells: 12/12 levels left

rFire   . . .      SeeInvis +    b - +0 bardiche (freeze)
rCold   . . .      Faith    .    c - +0 buckler
rNeg    + . .      Spirit   .    v - +0 plate armour
rPois   +          Reflect  .    (helmet unavailable)
rElec   .          Harm     .    j - +0 cloak
rCorr   .          Rampage  +    H - +0 pair of gloves of Loss {Rampage rN+ MP-9 Str+4}
Will    ++...                    e - +0 pair of boots Stlth
                                 (no amulet)
HPRegen 0.37/turn                n - ring of willpower
MPRegen 0.12/turn                E - ring of poison resistance

@: studying Armour, lightly drained
A: permanent stasis, dig shafts and tunnels, antennae 3, four strong arms
a: Dig, Shaft Self, Renounce Religion, Heroism, Finesse, Duel


You were on level 4 of the Lair of Beasts.
You worshipped Okawaru.
Okawaru was extremely pleased with you.
You visited 3 branches of the dungeon, and saw 15 of its levels.

You collected 759 gold pieces.
You spent 28 gold pieces at shops.

Inventory:

Hand Weapons
 b - a +0 bardiche of freezing (weapon)
 G - a +2 antimagic spear
Missiles
 a - 2 throwing nets
Armour
 c - a +0 buckler (worn)
 e - a +0 pair of boots (worn)
 j - a +0 cloak (worn)
 v - a +0 plate armour (worn)
 H - the +0 pair of gloves of Loss (worn) {Rampage rN+ MP-9 Str+4}
   (You acquired it on level 2 of the Lair of Beasts)

   Str:       It affects your strength (+4).
   rN:        It protects you from negative energy.
   MP:        It affects your magic capacity (-9).
   Rampage:   It bestows one free step when moving towards enemies.
Jewellery
 n - a ring of willpower (left hand)
 p - a ring of flight
 y - a ring of resist corrosion
 E - a ring of poison resistance (right hand)
Wands
 q - a wand of flame (39)
 r - a wand of digging (3)
 t - a wand of iceblast (21)
 D - a wand of light (1)
Scrolls
 f - 5 scrolls of poison
 g - 2 scrolls of magic mapping
 i - a scroll of immolation
 l - a scroll of enchant armour
 w - 2 scrolls of fear
 F - a scroll of brand weapon
Potions
 d - 3 potions of might
 h - 9 potions of curing
 k - 4 potions of mutation
 m - a potion of invisibility
 o - 6 potions of attraction
 s - 2 potions of brilliance
 u - 2 potions of heal wounds
 x - 2 potions of ambrosia
 z - a potion of magic
 A - a potion of cancellation
 B - 2 potions of resistance
 C - 2 potions of lignification {unknown}


   Skills:
 * Level 11.7 Fighting
 * Level 14.8 Polearms
 * Level 10.2 Armour
 - Level 5.0 Dodging
 - Level 6.0 Shields
 + Level 9.4 Invocations


You had 12 spell levels left.
You didn't know any spells.
Your spell library contained the following spells:

 Spells                   Type           Power      Damage    Failure   Level
 Foxfire                  Conj/Fire      0%         2x1d4     98%         1
 Necrotise                Necr           0%         1d4       98%         1
 Ensorcelled Hibernation  Hex/Ice        0%         N/A       99%         2
 Passwall                 Tmut/Erth      0%         N/A       99%         2
 Gell's Gravitas          Tloc           0%         N/A       100%        3
 Portal Projectile        Hex/Tloc       0%         N/A       100%        3
 Teleport Other           Tloc           0%         N/A       100%        3
 Vampiric Draining        Necr           0%         2d6       100%        3
 Leda's Liquefaction      Hex/Erth       0%         N/A       100%        4
 Manifold Assault         Tloc           0%         N/A       100%        4
 Agony                    Necr           0%         N/A       100%        5
 Fireball                 Conj/Fire      0%         3d3       100%        5
 Dispersal                Tloc           0%         N/A       100%        6
 Starburst                Conj/Fire      0%         6d3       100%        6
 Borgnjor's Revivificati  Necr           0%         N/A       100%        8
 Disjunction              Tloc           0%         N/A       100%        8
 Necromutation            Tmut/Necr      0%         N/A       100%        8
 Death's Door             Necr           0%         N/A       100%        9
 Call Canine Familiar     Summ           Unusable   N/A       N/A         3
 Swiftness                Air            Unusable   N/A       N/A         3

Dungeon Overview and Level Annotations

Branches:
Dungeon (10/15)            Temple (1/1) D:5            Lair (4/5) D:10
  Swamp (0/4) Lair:3        Snake (0/4) Lair:3
  Slime: Lair:4-5       Orc: D:9-12

Altars:
Ashenzari
Cheibriados
Dithmenos
Elyvilon
Fedhas
Gozag
Hepliaklqana
Kikubaaqudgha
Makhleb
Nemelex Xobeh
Okawaru
Qazlal
Ru
Sif Muna
Trog
Uskayaw
Vehumet
Wu Jian
Xom
Yredelemnul
Zin
The Shining One

Shops:
D:3 (   D:7 =   D:10 *


Innate Abilities, Weirdness & Mutations

You cannot be hasted, slowed, berserked, paralysed or teleported.
You can dig through walls and to a lower floor.
You have a pair of large antennae on your head. (SInv)
Your four strong arms can wield two-handed weapons with a shield.


Message History

You feel extremely sick. You block the black mamba's attack.
The black mamba attacks as you move away!
The black mamba bites you!
You feel extremely sick.
The black mamba bites you but does no damage.
You feel very sick.
You feel very sick. The black mamba bites you!
* * * LOW HITPOINT WARNING * * *
The water moccasin bites you.
* * * LOW HITPOINT WARNING * * *
The water moccasin attacks as you move away!
The water moccasin bites you but does no damage.
You feel very sick.
The black mamba bites you but does no damage.
You feel better.
The black mamba bites you but does no damage.
The water moccasin barely misses you. The black mamba bites you.
* * * LOW HITPOINT WARNING * * *
You are poisoned.
The black mamba poisons you!
You feel very sick. The water moccasin barely misses you.
The black mamba misses you.
You feel very sick.
The black mamba attacks as you move away!
The black mamba closely misses you.
You feel very sick. The black mamba bites you.
* * * LOW HITPOINT WARNING * * *
You feel better. The black mamba barely misses you.
The black mamba bites you but does no damage.
The black mamba bites you but does no damage.
The five-headed hydra attacks as you move away!
The five-headed hydra bites you!
* * * LOW HITPOINT WARNING * * *
The five-headed hydra bites you but does no damage.
The five-headed hydra closely misses you.
The five-headed hydra bites you!
You die...

##..............#...#.
#P....................
##.P..##...##...[.....
#.....................
##.##.#...#.#....P...#
#....................
#..#S..###P.#.....###
#...SD...............
#.##@..........#.P##.
##..<.................
#...#..P..............
#.....................
##...#..P#.............
#.#....................
#######.####.##.###.###
### ###### ###


You could see a five-headed hydra, a black mamba and a water moccasin.

Vanquished Creatures
  Gastronok (Lair:2)
  Kirke (Lair:3)
  A catoblepas (Lair:3)
  A tengu warrior (D:8)
  A two-headed ogre (D:9)
  Urug (Lair:2)
  Pikel (D:7)
  A deep elf pyromancer (D:9)
  A salamander (Lair:3)
  A black mamba (Lair:2)
  7 cane toads
  Maggie (D:7)
  2 rime drakes
  5 komodo dragons
  2 polar bears
  A tyrant leech (Lair:2)
  2 hornets
  2 trolls (D:10)
  Grinder (D:4)
  7 dream sheep (Lair:3)
  5 blink frogs (Lair:1)
  A shadow (D:10)
  2 wraiths
  Sigmund (D:4)
  34 yaks
  A basilisk (Lair:1)
  5 wyverns
  4 humans (Lair:3)
  A steam dragon (D:6)
  2 wargs (D:10)
  An acid dragon (D:9)
  6 water moccasins
  2 swamp worms (Lair:2)
  5 orc warriors
  An ogre (D:7)
  23 wolves
  3 centaurs
  A lemure (D:7)
  2 kobold brigands
  A necrophage (D:7)
  A gnoll sergeant (D:8)
  10 bullfrogs
  A water moccasin zombie (D:6)
  2 scorpions
  A wyvern skeleton (D:7)
  20 wights
  A water moccasin skeleton (D:6)
  2 electric eels (Lair:3)
  4 howler monkeys
  5 lava snakes (Lair:3)
  2 hounds (D:7)
  A jelly (D:6)
  Crazy Yiuf (D:4)
  5 orc priests
  2 bullfrog skeletons (D:6)
  3 gnoll boudas
  Jessica (D:2)
  7 iguanas
  Natasha (thrice) (D:2)
  12 orc wizards
  2 killer bee zombies (D:6)
  A centaur simulacrum (D:7)
  A killer bee simulacrum (D:7)
  A howler monkey zombie (D:6)
  9 adders
  16 gnolls
  2 howler monkey skeletons
  2 shadow imps (D:6)
  A white imp (D:8)
  An ufetubus (D:3)
  2 worms
  4 dart slugs
  53 orcs
  4 ball pythons
  8 endoplasms
  A giant cockroach (D:1)
  11 goblins
  9 hobgoblins
  7 jackals
  15 kobolds
  4 quokkas
  4 bats
  7 rats
  A fire vortex (Lair:3)
391 creatures vanquished.

Vanquished Creatures (others)
  A necrophage (D:7)
  19 fungi
  40 plants
  10 withered plants
70 creatures vanquished.

Grand Total: 461 creatures vanquished

Notes
Turn   | Place    | Note
-------+----------+-------------------------------------------
     0 | D:1      | greasedhog the Formicid Fighter began the quest for the
                  | Orb.
     0 | D:1      | Reached XP level 1. HP: 18/18 MP: 1/1
   123 | D:1      | Reached XP level 2. HP: 16/24 MP: 2/2
   324 | D:1      | Reached XP level 3. HP: 26/30 MP: 3/3
   493 | D:1      | Reached skill level 3 in Polearms
   955 | D:2      | Reached XP level 4. HP: 37/37 MP: 4/4
  1191 | D:2      | Noticed Jessica
  1195 | D:2      | Killed Jessica
  1196 | D:2      | Reached XP level 5. HP: 43/43 MP: 5/5
  1409 | D:2      | Noticed Natasha
  1418 | D:2      | Killed Natasha
  1419 | D:2      | Reached skill level 5 in Fighting
  1481 | D:2      | Reached skill level 4 in Polearms
  1482 | D:2      | Noticed Natasha
  1487 | D:2      | Killed Natasha
  1687 | D:2      | Noticed Natasha
  1692 | D:2      | Killed Natasha
  1693 | D:2      | Reached XP level 6. HP: 41/51 MP: 6/6
  1844 | D:3      | Found Cublocs's Antique Weapon Shoppe.
  1918 | D:3      | Identified the +1 robe of a bazaar {rF+ Int+3}
  2302 | D:3      | Identified a scroll of acquirement
  2303 | D:3      | Acquired a +0 bardiche of freezing
  2849 | D:4      | Noticed Sigmund
  2856 | D:4      | Killed Sigmund
  2857 | D:4      | Reached skill level 5 in Polearms
  2857 | D:4      | Reached XP level 7. HP: 34/56 MP: 7/7
  2957 | D:4      | Noticed Grinder
  2968 | D:4      | Killed Grinder
  2969 | D:4      | Reached skill level 5 in Armour
  2989 | D:4      | Reached skill level 6 in Polearms
  3025 | D:4      | Reached XP level 8. HP: 49/63 MP: 8/8
  3274 | D:4      | Found a runed translucent door.
  3275 | D:4      | Noticed Crazy Yiuf
  3616 | D:4      | Killed Crazy Yiuf
  3650 | D:5      | Entered Level 5 of the Dungeon
  3691 | D:5      | Reached skill level 5 in Shields
  4039 | D:5      | You are sucked into a shaft and drop 2 floors!
  4124 | D:7      | Noticed Pikel
  4145 | D:7      | Killed Pikel
  4146 | D:7      | Reached skill level 7 in Polearms
  4146 | D:7      | Reached XP level 9. HP: 42/71 MP: 9/9
  4266 | D:7      | Reached skill level 8 in Polearms
  4403 | D:7      | Found Ymuikk's Jewellery Shoppe.
  4501 | D:5      | Identified the +5 flail of Zitya {vamp, rF+ rC+ Stlth+}
  4579 | D:5      | Found a staircase to the Ecumenical Temple.
  4593 | Temple   | Entered the Ecumenical Temple
  4772 | Temple   | Became a worshipper of Warmaster Okawaru
  5476 | D:6      | Reached skill level 9 in Polearms
  5903 | D:6      | Reached * piety under Okawaru
  5907 | D:6      | Reached XP level 10. HP: 68/82 MP: 10/10
  6634 | D:6      | Reached skill level 10 in Polearms
  6844 | D:7      | Noticed Maggie
  6851 | D:7      | Killed Maggie
  6852 | D:7      | Reached skill level 1 in Invocations
  6854 | D:7      | Reached skill level 10 in Fighting
  6857 | D:7      | Reached ** piety under Okawaru
  7489 | D:7      | Found the +4 dagger "Morg" {pain, Will+ Int+5}
  7749 | D:8      | Found a shadowy altar of Dithmenos.
  8339 | D:9      | Found the ring of the Mage {Wiz Archmagi}
  8360 | D:9      | Found a bloodstained altar of Trog.
  8447 | D:9      | Reached *** piety under Okawaru
  8448 | D:9      | Reached skill level 11 in Polearms
  8448 | D:9      | Reached XP level 11. HP: 60/90 MP: 13/13
  8677 | D:9      | Noticed a tengu warrior
  8905 | D:8      | Killed a tengu warrior
  9041 | D:9      | Reached **** piety under Okawaru
  9324 | D:9      | Reached skill level 5 in Invocations
  9689 | D:9      | Noticed a two-headed ogre
  9696 | D:9      | Killed a two-headed ogre
  9697 | D:9      | Reached skill level 12 in Polearms
  9783 | D:9      | Identified the +9 short sword "Bacsashy" {venom, Dex+5}
  9830 | D:9      | Noticed a deep elf pyromancer
  9838 | D:9      | Killed a deep elf pyromancer
  9838 | D:9      | Reached ***** piety under Okawaru
  9857 | D:9      | Found a stormy altar of Qazlal.
  9881 | D:9      | Identified the +8 dagger of Tuing {heavy, Str+2}
 10038 | D:10     | Entered Level 10 of the Dungeon
 10060 | D:10     | Found Radykod's General Store.
 10086 | D:10     | Bought a scroll of identify for 28 gold pieces
 10356 | D:10     | Identified the +6 long sword of the Priest {protect, Will+
                  | Int+3} (Okawaru gifted it to you on level 10 of the
                  | Dungeon)
 10356 | D:10     | Received a gift from Okawaru
 10704 | D:10     | Reached XP level 12. HP: 51/97 MP: 8/16
 10884 | D:10     | Found a staircase to the Lair.
 11056 | D:10     | Found a sparkling altar of Nemelex Xobeh.
 11058 | D:10     | Found a shimmering altar of Xom.
 11436 | Lair:1   | Entered Level 1 of the Lair of Beasts
 11518 | Lair:1   | Reached skill level 10 in Armour
 11585 | Lair:1   | Found a glowing silver altar of Zin.
 11696 | Lair:1   | Reached skill level 1 in Dodging
 11713 | Lair:1   | Reached skill level 13 in Polearms
 14085 | Lair:2   | HP: 1/97 [black mamba (10)]
 14495 | Lair:2   | Noticed Urug
 14523 | Lair:2   | Killed Urug
 14643 | Lair:2   | Noticed Gastronok
 14657 | Lair:2   | Killed Gastronok
 14658 | Lair:2   | Reached skill level 5 in Dodging
 14658 | Lair:2   | Reached XP level 13. HP: 103/103 MP: 19/19
 15144 | Lair:3   | Reached skill level 14 in Polearms
 15302 | Lair:2   | Received a gift from Okawaru
 15597 | Lair:2   | Acquired the +0 pair of gloves of Loss {Rampage rN+ MP-9
                  | Str+4}
 15782 | Lair:3   | Found a staircase to the Swamp.
 15813 | Lair:3   | Found a staircase to the Snake Pit.
 17324 | Lair:3   | Noticed Kirke
 17344 | Lair:3   | Killed Kirke
 17425 | Lair:3   | Noticed a catoblepas
 17449 | Lair:3   | Killed a catoblepas
 17954 | Lair:3   | Acquired a manual of Armour
 18702 | Lair:4   | Noticed a five-headed hydra
 18733 | Lair:4   | Slain by a five-headed hydra

Illustrated notes

Levels and vault maps discovered:
D:1:      sevenhm_arrival_forest_fort_large_4, layout_basic,
          serial_bayou_lagoon_a
D:2:      layout_basic, serial_bayou_pond_b, kennysheep_jessica_study,
          uniq_natasha
D:3:      layout_basic, serial_shops, shop, nicolae_figureground_sparkle
D:4:      layout_basic, uniq_grinder, uniq_crazy_yiuf_cottage, uniq_sigmund
D:5:      layout_cave_pools, minmay_temple_entry_grid
D:6:      layout_cave_pools, serial_undead, serial_undead_c, serial_undead_e,
          serial_undead_b, serial_undead_f, serial_undead_b,
          nicolae_kite_square_tiling_tiny
D:7:      layout_loops_ring, serial_shops, shop, dilly_guarded_unrand_morg,
          uniq_maggie, uniq_pikel
D:8:      layout_gridville, nicolae_dithmenos_shadow_blocks
D:9:      layout_cave_pools, grunt_qazlal_clouds, trog_book, minmay_bent
D:10:     layout_stronghold, minitemple, erik_lair_orcish_takeover,
          serial_shops, shop_coins
Temple:   bh_familiar_temple
Lair:1:   layout_cellular_growth, basic_altar
Lair:2:   layout_regular_city, uniq_urug, uniq_gastronok
Lair:3:   layout_big_grid, minmay_swamp_entry_worms,
          nicolae_snake_entry_warm_welcome, nicolae_quartered_pool_impasse,
          serial_bayou_shore_a, uniq_kirke
Lair:4:   layout_long_grid, slime_entry_1

Skill      XL: |  1  2  3  4  5  6  7  8  9 10 11 12 13 |
---------------+----------------------------------------+-----
Fighting       | 4 5 6 8 10 11 | 11.7
Polearms       | 3 4 5 6 7 9 11 12 13 14 | 14.8
Armour         | 4 5 6 9 10 | 10.2
Shields        | 6 |  6.0
Invocations    | 3 6 8 9 |  9.4
Dodging        | 5 |  5.0

Action                   |  1- 3 |  4- 6 |  7- 9 | 10-12 | 13-15 || total
-------------------------+-------+-------+-------+-------+-------++-------
Melee: Trident           |   106 |    92 |       |       |       ||   198
       Bardiche          |       |    67 |   271 |   572 |   238 ||  1148
Invok: Heroism           |       |       |       |     6 |     1 ||     7
       Finesse           |       |       |       |     1 |     1 ||     2
 Abil: Dig               |       |       |       |       |     3 ||     3
Evoke: Wand              |       |       |       |     7 |     4 ||    11
  Use: Scroll            |       |     9 |     5 |    11 |     3 ||    28
       Potion            |       |       |       |     1 |     2 ||     3
 Stab: Invisible         |       |       |       |     2 |       ||     2
Armor: Scale mail        |    37 |    13 |       |       |       ||    50
       Chain mail        |       |    52 |   151 |       |       ||   203
       Plate armour      |       |       |    58 |   357 |   154 ||   569
Dodge: Dodged            |    37 |    53 |   135 |   225 |   122 ||   572
Block: Buckler           |    24 |    37 |   101 |   165 |    80 ||   407

Table legend: (Time is in decaauts)
 A = Elapsed time spent in this place.
 B = Non-inter-level travel time spent in this place.
 C = Inter-level travel time spent in this place.
 D = Time resting spent in this place.
 E = Time spent auto-exploring this place.
 F = Levels seen in this place.
 G = Mean time per level.
                   A        B        C        D        E       F      G
               +--------+--------+--------+--------+--------+-----+--------+
         Total |  19221 |  18707 |    514 |   6829 |   8446 |  15 | 1281.4 |
       Dungeon |  11790 |  11435 |    355 |   3336 |   5822 |  10 | 1179.0 |
        Temple |    185 |    161 |     24 |      0 |    156 |   1 |  185.0 |
          Lair |   7244 |   7110 |    134 |   3493 |   2468 |   4 | 1811.0 |
               +--------+--------+--------+--------+--------+-----+--------+

Top non-repeatable levels by time:
  Lair:3: 2790 daAuts
  Lair:1: 2000 daAuts
  Lair:2: 1924 daAuts
     D:8: 1707 daAuts
    D:10: 1564 daAuts
     D:6: 1518 daAuts
     D:7: 1484 daAuts
     D:4: 1297 daAuts
     D:1: 990 daAuts
     D:5: 847 daAuts
     D:9: 808 daAuts
     D:2: 800 daAuts
     D:3: 772 daAuts
  Lair:4: 529 daAuts
  Temple: 185 daAuts
